 Dungeon Sprint DCSS version 0.28-a0-410-gbef64dd269 (webtiles) character file.

Game seed: 4590338283306214750

49 dolemite99 the Chopper (level 3, -2/39 HPs)
             Began as an Ogre Fighter on Sept 6, 2021.
             Slain by a water elemental (10 damage)
             ... in the Dungeon (Sprint III: "The Ten Rune Challenge").
             The game lasted 00:01:02 (411 turns).

dolemite99 the Chopper (Ogre Fighter)                Turns: 411, Time: 00:01:03

Health: -2/39      AC:  4    Str: 21    XL:     3   Next: 75%
Magic:  3/3        EV:  8    Int:  9    God:
Gold:   50         SH:  7    Dex:  8    Spells: 2/2 levels left

rFire   . . .      SeeInvis .   a - +0 war axe
rCold   . . .      Faith    .   c - +0 kite shield
rNeg    . . .      Spirit   .   b - +0 robe
rPois   .          Reflect  .   (helmet restricted)
rElec   .          Harm     .   f - +0 cloak
rCorr   .          Rampage  .   (gloves unavailable)
Will    .....      NoTele   +   (boots unavailable)
Stlth   +.........              (no amulet)
HPRegen 0.13/turn               (no ring)
MPRegen 0.08/turn               (no ring)

@: engulfed (cannot breathe)
A: large, unfitting armour, tough skin 1
a: no special abilities


You were in the Dungeon.
You visited 1 branch You collected 50 gold pieces.

Inventory:

Hand Weapons
 a - a +0 war axe (weapon)
Armour
 b - a +0 robe (worn)
 c - a +0 kite shield (worn)
 f - a +0 cloak (worn)
Scrolls
 j - a scroll of blinking
 l - 2 scrolls of immolation
Potions
 e - a potion of curing
 g - a potion of haste
 h - 2 potions of magic
 i - a potion of berserk rage
 k - 3 potions of mutation
 n - 2 potions of degeneration {unknown}
 o - a potion of brilliance {unknown}


   Skills:
 - Level 4.0 Fighting
 + Level 7.3 Axes
 - Level 2.6 Dodging
 - Level 2.6 Shields


You had 2 spell levels left.
You didn't know any spells.
Your spell library was empty.

Dungeon Overview and Level Annotations

Branches:
Dungeon (1/1)

Altars:


Innate Abilities, Weirdness & Mutations

You are too large for most types of armour.
You have tough skin. (AC +1)


Message History

m - 2 scrolls of identify {@r1};
n - a silvery potion
o - a murky yellow potion
k - 2 glowing white potions (gained 1);
p - a scroll labelled KIPSIR AGEHU
l - 2 scrolls labelled ZELLOE KUOGIU (gained 1)
k - 3 glowing white potions (gained 1);
n - 2 silvery potions (gained 1)
As you read the scroll labelled KIPSIR AGEHU, it crumbles to dust.
You speak a Word of immense power!
It was a scroll of holy word.
As you read the scroll of identify {@r1}, it crumbles to dust.
k - 3 potions of mutation
As you read the scroll of identify {@r1}, it crumbles to dust.
l - 2 scrolls of immolation
Okay, then.
There is an open door here.
You enter the shallow water.
Moving in this stuff is going to be slow.
You open the door.
A water elemental comes into view.
You hit the water elemental.
The water elemental is lightly damaged.
The water elemental hits you! The water elemental barely misses you.
You barely miss the water elemental.
The water elemental is lightly damaged.
The water elemental hits you!
You slash the water elemental!
The water elemental is severely damaged.
The water elemental hits you!
The water elemental engulfs you in water!
You feel much better.
Your lungs strain for air!
You block the water elemental's attack.
You hit the water elemental.
The water elemental is almost destroyed.
Your lungs strain for air!
The water elemental hits you! You block the water elemental's attack.
You closely miss the water elemental.
The water elemental is almost destroyed.
* * * LOW HITPOINT WARNING * * *
Your lungs strain for air!
The water elemental hits you!
You die...

▓▓▓▓▓▓▓▓▓▓▓ ▓▓▓
<.#..'....♣♣♣ ♣@#
..#..#......♣ ♣E#
#'####......♣ ♣♣.#
..†..#....≈♣♣♣♣..#
.....#...≈≈♣♣.♣..#
.....#.)≈≈≈≈.♣...'.⌠....
####'#..≈≈≈≈≈≈.♣.#...###
...†.#.≈≈≈≈≈≈....#.⌠.#
.....#.≈≈≈≈≈.....# ..#


You could see a water elemental.

Vanquished Creatures
  Crazy Yiuf (D)
  A human (D)
  An endoplasm (D)
  3 rats (D)
6 creatures vanquished.

Notes
Turn   | Place    | Note
-------+----------+-------------------------------------------
     0 | D        | dolemite99 the Ogre Fighter began the quest for the Orb.
     0 | D        | Reached XP level 1. HP: 24/24 MP: 1/1
     7 | D        | Reached skill level 3 in Axes
   100 | D        | HP: 1/24 [human (6)]
   104 | D        | Reached skill level 5 in Axes
   104 | D        | Reached XP level 2. HP: 24/32 MP: 2/2
   186 | D        | Noticed Crazy Yiuf
   194 | D        | Killed Crazy Yiuf
   195 | D        | Reached skill level 7 in Axes
   195 | D        | Reached XP level 3. HP: 16/39 MP: 0/3
   400 | D        | Noticed a water elemental
   411 | D        | Slain by a water elemental

Illustrated notes

Levels and vault maps discovered:
D:        dungeon_sprint_mu [sprint_mu_entry_forest, sprint_mu_temple_rooms,
          sprint_mu_d1_spiders, sprint_mu_d2_genie, sprint_mu_d3_branching,
          sprint_mu_orc_legion, sprint_mu_elf_gauntlet, sprint_mu_hive_nellie,
          sprint_mu_lair_fedhas, sprint_mu_vaults_butterflies,
          sprint_mu_slime_circle, sprint_mu_shoals_kraken,
          sprint_mu_snake_twists, sprint_mu_blade_basic, sprint_mu_crypt_lich,
          sprint_mu_tomb_spiral, sprint_mu_vestibule_basic,
          sprint_mu_gehenna_hellfire, sprint_mu_dis_giant,
          sprint_mu_tartarus_statrot, sprint_mu_cocytus_islands, sprint_mu_zot1]

Skill      XL: |  1  2 |
---------------+-------+-----
Axes           | 5 7 |  7.3
Fighting       | |  4.0
Dodging        | |  2.6
Shields        | |  2.6

Action                   || total
-------------------------++-------
Melee: War axe           ||    34
  Use: Potion            ||     3
       Scroll            ||     3
Armor: Robe              ||     2
Dodge: Dodged            ||    18
Block: Kite shield       ||    19

Table legend: (Time is in decaauts)
 A = Elapsed time spent in this place.
 B = Non-inter-level travel time spent in this place.
 C = Inter-level travel time spent in this place.
 D = Time resting spent in this place.
 E = Time spent auto-exploring this place.
 F = Levels seen in this place.
 G = Mean time per level.
                   A        B        C        D        E       F      G
               +--------+--------+--------+--------+--------+-----+--------+
         Total |    429 |    429 |      0 |    134 |    189 |   1 |  429.0 |
       Dungeon |    429 |    429 |      0 |    134 |    189 |   1 |  429.0 |
               +--------+--------+--------+--------+--------+-----+--------+

Top non-repeatable levels by time:
       D: 429 daAuts
